 Dungeon Crawl Stone Soup version 0.27-a0-1273-gec92ba881d (webtiles) character file.

Game seed: 14742397881178856331

226 night the Chiller (level 6, -4/49 HPs)
             Began as a Naga Ice Elementalist on June 11, 2021.
             Was an Initiate of Gozag.
             Slain by a worm (8 damage)
             ... on level 2 of the Dungeon.
             The game lasted 00:05:26 (3232 turns).

night the Chiller (Naga Ice Elementalist)           Turns: 3232, Time: 00:05:26

Health: -4/49      AC:  4    Str: 10    XL:     6   Next: 1%
Magic:  10/12      EV: 10    Int: 17    God:    Gozag
Gold:   51         SH:  0    Dex: 14    Spells: 6/13 levels left

rFire    . . .     SeeInvis +   c - +2 dagger (elec)
rCold    . . .     Faith    .   (no shield)
rNeg     . . .     Spirit   .   a - +0 robe
rPois    +         Reflect  .   (helmet restricted)
rElec    .         Harm     .   l - +0 cloak
rCorr    +         Rampage  .   (no gloves)
Will     .....                  (no barding)
Stlth    ++........             g - amulet of the acrobat
HPRegen  0.16/turn              f - ring of resist corrosion
MPRegen  0.13/turn              (no ring)

@: mighty, gold aura, on berserk cooldown, slowed, very slow
A: AC +2, large, see invisible, deformed body, poison resistance, slowness 2,
spit poison 2, naga tail 1, horns 1, agile 1, evolution 1
a: Breathe Poison Gas, Renounce Religion, Potion Petition, Call Merchant, Bribe
Branch


You were on level 2 of the Dungeon.
You worshipped Gozag.
Gozag was noncommittal.
You visited 1 branch of the dungeon, and saw 3 of its levels.

You collected 55 gold pieces.
You paid 4 gold pieces to Gozag.

Inventory:

Hand Weapons
 c - a +2 dagger of electrocution (weapon)
Missiles
 d - 43 stones
Armour
 a - a +0 robe (worn)
 i - a +0 leather armour
 l - a +0 cloak (worn)
Jewellery
 f - a ring of resist corrosion (left hand)
 g - an amulet of the acrobat (around neck)
Potions
 b - a potion of resistance


   Skills:
 - Level 1.5 Dodging
 - Level 3.0 Stealth
 + Level 4.1 Spellcasting
 + Level 5.7 Ice Magic


You had 6 spell levels left.
You knew the following spells:

 Your Spells              Type           Power      Damage    Failure   Level
a - Freeze                Ice            92%        1d10      1%          1
b - Frozen Ramparts       Ice            46%        1d6       4%          3
c - Ozocubu's Armour      Ice            23%        N/A       4%          3

Your spell library contained the following spells:

 Spells                   Type           Power      Damage    Failure   Level
 Confusing Touch          Hex            3%         N/A       43%         3
 Gell's Gravitas          Tloc           1%         N/A       43%         3
 Hailstorm                Conj/Ice       13%        3d5       43%         4
 Metabolic Englaciation   Hex/Ice        6%         N/A       80%         5
 Petrify                  Tmut/Erth      3%         N/A       83%         4
 Yara's Violent Unravell  Hex/Tmut       1%         3d3       99%         5


Dungeon Overview and Level Annotations

Branches:
Dungeon (3/15)

Altars:
Gozag

Annotations:
D:3 Jessica


Innate Abilities, Weirdness & Mutations

Your serpentine skin is tough. (AC +2)
You have supernaturally acute eyesight. (SInv)
Armour fits poorly on your strangely shaped body.
Your system is resistant to poisons. (rPois)
You cover ground very slowly.
You can exhale a cloud of poison.
You have a snake-like lower body.
You have a pair of small horns on your head.
You are agile. (Dex +2)
You evolve.


Message History

You freeze the phantom.
The phantom resists.
The phantom is severely damaged.
The phantom hits you but does no damage.
Casting: Freeze (safe; 1% risk of failure)
Confirm with . or Enter, or press ? or * to list all spells.
Aiming: Freeze (safe; 1% risk of failure)
Press: ? - help, Shift-Dir - straight line, f/p - phantom
Aim: a phantom (severely damaged)
You freeze the phantom but do no damage.
The phantom completely resists.
The phantom closely misses you.
You hit the phantom.
The phantom is severely damaged.
The phantom hits you.
* * * LOW HITPOINT WARNING * * *
The phantom blinks!
You blink.
You closely miss the phantom.
The phantom is severely damaged.
The phantom hits you.
* * * LOW HITPOINT WARNING * * *
It was a potion of berserk rage.
A red film seems to cover your vision as you go berserk!
You feel yourself moving faster!
You feel mighty! The phantom barely misses you.
You puncture the phantom! Lightning courses through the phantom!!
You destroy the phantom!
Your Spellcasting skill increases to level 4!
You have reached level 6!
Your experience leads to an increase in your attributes!
Your base attributes are Str 10, Int 16, Dex 12.
Increase (S)trength, (I)ntelligence, or (D)exterity?
You feel clever.
Your skin feels tougher.
You feel a strong urge to attack something.
You are no longer berserk.
You are exhausted.
You feel yourself slow down.
It was a potion of might.
You feel very mighty all of a sudden. The worm bites you!
You die...
Your body crumbles into a pile of gold.

#.##...##........#.# ###########
#.##.......#######.# #..........
#.##.<...........#.# #.#####.#.#
#.##.......#####.#.# #.# #.#.#
#.##..>....# #.#[# #.#####.#.#
#.##.......# #.#.###.......#..
#.##.......# #.#.#.<..........
##.##.......#####.#.#.#.#######..
#........$.....w@...#.#..........
#..##...##.######.#.#.#.#######.#
#..##...............#.#.# #..
...........##.#.#.#.#.#.#########
#.###########.#.#.#..............
..............#.#.#.#.#.#########
........######......#.#....#.....
........# #....#..............
........# #....#.#.#..........


You could see a worm.

Vanquished Creatures
  An ogre (D:2)
  A phantom (D:2)
  An adder (D:2)
  3 dart slugs
  An orc (D:2)
  A giant cockroach (D:1)
  6 goblins
  2 hobgoblins
  11 jackals
  7 kobolds
  5 ball pythons
  6 bats
  2 frilled lizards
  2 rats (D:2)
49 creatures vanquished.

Vanquished Creatures (others)
  A plant (D:1)
1 creature vanquished.

Grand Total: 50 creatures vanquished

Notes
Turn   | Place    | Note
-------+----------+-------------------------------------------
     0 | D:1      | night the Naga Ice Elementalist began the quest for the
                  | Orb.
     0 | D:1      | Reached XP level 1. HP: 15/15 MP: 3/3
   322 | D:1      | Reached XP level 2. HP: 9/22 MP: 1/5
  1273 | D:1      | Reached XP level 3. HP: 24/28 MP: 6/6
  1278 | D:1      | Learned a level 3 spell: Ozocubu's Armour
  1282 | D:1      | Learned a level 3 spell: Frozen Ramparts
  2379 | D:2      | Noticed an ogre
  2385 | D:2      | Gained mutation: You evolve. [potion of mutation]
  2385 | D:2      | Gained mutation: You are agile. (Dex +2) [potion of
                  | mutation]
  2385 | D:2      | Gained mutation: You can exhale a cloud of poison. [potion
                  | of mutation]
  2385 | D:2      | Gained mutation: You have a pair of small horns on your
                  | head. [potion of mutation]
  2386 | D:2      | Killed an ogre
  2387 | D:2      | Reached skill level 5 in Ice Magic
  2387 | D:2      | Reached XP level 4. HP: 10/36 MP: 1/9
  2387 | D:2      | Reached XP level 5. HP: 11/42 MP: 1/10
  2710 | D:2      | Found an opulent altar of Gozag.
  2733 | D:2      | Became a worshipper of Gozag Ym Sagoz the Greedy
  3152 | D:3      | Noticed a phantom
  3155 | D:3      | Noticed Jessica
  3222 | D:2      | HP: 6/42 [phantom (2)]
  3223 | D:2      | HP: 2/42 [phantom (4)]
  3225 | D:2      | Killed a phantom
  3226 | D:2      | Reached XP level 6. HP: 4/49 MP: 8/12
  3232 | D:2      | Slain by a worm

Illustrated notes

Levels and vault maps discovered:
D:1:      dpeg_arrival_rooms_with_view, layout_basic, kennysheep_boxes
D:2:      layout_basic, basic_altar, solitary_fountain
D:3:      layout_rooms, uniq_jessica

Skill      XL: |  1  2  3  4  5 |
---------------+----------------+-----
Spellcasting   | 3 4 |  4.1
Ice Magic      | 5 |  5.7
Dodging        | |  1.5
Stealth        | |  3.0

Action                   |  1- 3 |  4- 6 || total
-------------------------+-------+-------++-------
Melee: Unarmed           |    10 |       ||    10
       Dagger            |    72 |    17 ||    89
       Headbutt          |       |     2 ||     2
 Cast: Freeze            |    13 |     2 ||    15
       Frozen Ramparts   |     3 |     1 ||     4
       Ozocubu's Armour  |     1 |       ||     1
 Abil: Spit Poison       |     3 |       ||     3
       Breathe Poison Ga |       |     2 ||     2
  Use: Scroll            |     2 |     3 ||     5
       Potion            |     1 |     2 ||     3
 Stab: Sleeping          |     4 |     1 ||     5
Armor: Robe              |    23 |     5 ||    28
Dodge: Dodged            |    63 |    32 ||    95

Table legend: (Time is in decaauts)
 A = Elapsed time spent in this place.
 B = Non-inter-level travel time spent in this place.
 C = Inter-level travel time spent in this place.
 D = Time resting spent in this place.
 E = Time spent auto-exploring this place.
 F = Levels seen in this place.
 G = Mean time per level.
                   A        B        C        D        E       F      G
               +--------+--------+--------+--------+--------+-----+--------+
         Total |   3934 |   3762 |    172 |    507 |   2770 |   3 | 1311.3 |
       Dungeon |   3934 |   3762 |    172 |    507 |   2770 |   3 | 1311.3 |
               +--------+--------+--------+--------+--------+-----+--------+

Top non-repeatable levels by time:
     D:1: 2159 daAuts
     D:2: 1766 daAuts
     D:3: 8 daAuts
